 Dungeon Crawl Stone Soup version 0.18-a0-1577-gf591c28 (webtiles) character file.

2308 Duffy the Basher (level 9, -2/68 HPs)
             Began as a Human Fire Elementalist on Mar 18, 2016.
             Was an Initiate of Cheibriados.
             Slain by an orc
             ... wielding a +0 quarterstaff
              (5 damage)
             ... on level 6 of the Dungeon.
             The game lasted 00:12:42 (10382 turns).

Duffy the Basher (Human Fire Elementalist)         Turns: 10382, Time: 00:12:42

Health: -2/68      AC: 10    Str: 10    XL:     9   Next: 68%
Magic:  12/12      EV: 11    Int: 16    God:    Cheibriados [......]
Gold:   316        SH:  0    Dex: 18    Spells: 2 memorised, 5 levels left

rFire  . . .     SeeInvis .     B - +0 flail (venom)
rCold  . . .     Gourm    +     z - +4 scale mail
rNeg   . . .     Faith    .     (no shield)
rPois  .         Spirit   .     (no helmet)
rElec  .         Dismiss  .     (no cloak)
rCorr  .         Reflect  .     (no gloves)
SustAt .         Harm     .     (no boots)
MR     .....                    D - amulet of the gourmand
Stlth  +.........               (no ring)
                                (no ring)

@: very slow, not resistant to hostile enchantments, very unstealthy
A: no striking features
a: Bend Time, Renounce Religion


You were on level 6 of the Dungeon.
You worshipped Cheibriados.
Cheibriados was noncommittal.
You were hungry.

You visited 2 branches of the dungeon, and saw 7 of its levels.
You also visited: Ossuary.

You collected 484 gold pieces.
You spent 168 gold pieces at shops.


   Skills:
 + Level 5.3 Fighting
 + Level 8.6 Maces & Flails
 - Level 5.0 Dodging
 - Level 2.0 Stealth
 - Level 2.0 Spellcasting
 - Level 4.0 Conjurations
 - Level 4.0 Fire Magic


You had 5 spell levels left.
You knew the following spells:

 Your Spells              Type           Power        Failure   Level  Hunger
j - Sticky Flame          Conj/Fire      ##......     100%        4    #####..
l - Conjure Flame         Conj/Fire      ##......     83%         3    ###....

Inventory:

Hand Weapons
 a - a +1 flail of draining
 b - a +0 blowgun
 B - a +0 flail of venom (weapon)
Missiles
 x - 63 poisoned needles
 F - 6 tomahawks (quivered)
Armour
 z - a +4 scale mail (worn)
Jewellery
 D - an amulet of the gourmand (around neck)
Wands
 L - a wand of teleportation (4/9)
 N - a wand of digging (20/24)
Scrolls
 d - 2 scrolls of enchant armour
 f - 4 scrolls of remove curse {unknown}
 h - 4 scrolls of fog {unknown}
 k - 4 scrolls of immolation {unknown}
 o - 2 scrolls of fear
 q - a scroll of recharging {unknown}
 r - 3 scrolls of teleportation
 E - 2 scrolls of random uselessness {unknown}
 M - 2 scrolls of magic mapping
Potions
 n - 3 potions of mutation
 p - 2 potions of lignification
 s - a potion of brilliance
 A - 9 potions of curing
 H - a potion of agility
Books
 v - a book of Burglary
 w - a book of Flames
Comestibles
 c - 4 bread rations
 g - a slice of pizza
 j - 3 fruits
 t - a meat ration
 u - a beef jerky
 I - a royal jelly

Dungeon Overview and Level Annotations

Branches:
Dungeon (6/15)             Temple (1/1) D:6

Altars:
Ashenzari
Cheibriados
Dithmenos
Elyvilon
Fedhas
Gozag
Kikubaaqudgha
Makhleb
Nemelex Xobeh
Okawaru
Pakellas
Qazlal
Ru
Sif Muna
Trog
Vehumet
Xom
Yredelemnul
Zin
The Shining One

Shops:
D:6 ?


Message History

You are too injured to fight recklessly!
You are too injured to fight recklessly!
You are too injured to fight recklessly!
You are too injured to fight recklessly!
You are too injured to fight recklessly!
You are too injured to fight recklessly!
You are too injured to fight recklessly!
You are too injured to fight recklessly!
You are too injured to fight recklessly!
You are too injured to fight recklessly!
You are too injured to fight recklessly!
You are too injured to fight recklessly!
You are too injured to fight recklessly!
You are too injured to fight recklessly!
You completely miss the orc priest.
The orc priest is almost dead.
The orc hits you but does no damage.
The orc priest calls down the wrath of Beogh upon you.
Beogh smites you! The orc priest closely misses you.
The orc hits you but does no damage. The orc hits you with a quarterstaff.
You hit the orc priest.
The orc priest is poisoned.
The orc priest is moderately wounded.
The orc priest hits you but does no damage.
The orc misses you. The orc hits you but does no damage.
The orc priest invokes the aid of Beogh against you.
Beogh smites you! The orc hits you with a quarterstaff.
You hit the orc priest.
The orc priest looks even sicker.
The orc priest is almost dead.
You kill the orc priest!
Cheibriados thoroughly appreciates the change of pace.
You kill the orc priest!
Cheibriados appreciates the change of pace.
The orc hits you but does no damage. The orc closely misses you.
The orc hits you with a quarterstaff.
You die...

..#.....#.........#
..#.....#.........#
.##.....#######+########
#######.................
.#....#.................
.#....#.................
.#....#)................
.#....+.......(.)o......
.#....#.......(.@o......
.#....#..)......)o......
.####'#).)..............
.##....[##########......
..#.....#........#.....#
..#.....#........#.....#
..#.....'........# ....#
..#.....#........# ....#
..#.....#[.......#


You could see 3 orcs.

Action                   |  1- 3 |  4- 6 |  7- 9 || total
-------------------------+-------+-------+-------++-------
Melee: Whip              |    78 |    25 |       ||   103
       Flail             |       |    62 |   353 ||   415
 Fire: Blowgun           |       |     9 |       ||     9
 Cast: Flame Tongue      |    28 |    67 |    65 ||   160
       Conjure Flame     |       |     4 |    11 ||    15
  Use: Potion            |       |     1 |     1 ||     2
       Scroll            |       |       |    11 ||    11
 Stab: Sleeping          |     1 |       |     3 ||     4
       Distracted        |       |     1 |       ||     1
  Eat: Chunk             |     2 |    21 |    16 ||    39

Notes
Turn   | Place    | Note
--------------------------------------------------------------
     0 | D:1      | Duffy the Human Fire Elementalist began the quest for the Orb.
     0 | D:1      | Reached XP level 1. HP: 13/13 MP: 3/3
   292 | D:1      | Reached skill level 2 in Conjurations
   292 | D:1      | Reached XP level 2. HP: 19/19 MP: 5/5
   810 | D:1      | Reached XP level 3. HP: 16/24 MP: 6/6
   913 | D:1      | Learned a level 3 spell: Conjure Flame
  1187 | D:2      | Reached skill level 3 in Conjurations
  1674 | D:2      | Reached XP level 4. HP: 30/30 MP: 5/7
  2699 | D:3      | Found a glowing golden altar of the Shining One.
  2699 | D:3      | Found a sparkling altar of Nemelex Xobeh.
  2702 | D:3      | Reached skill level 4 in Fire Magic
  2702 | D:3      | Reached XP level 5. HP: 35/35 MP: 5/8
  2770 | D:3      | Noticed Terence
  2786 | D:3      | Killed Terence
  2786 | D:3      | Reached skill level 4 in Conjurations
  3046 | D:3      | Reached skill level 1 in Fighting
  3961 | D:4      | Reached skill level 2 in Fighting
  4104 | D:4      | Reached XP level 6. HP: 28/46 MP: 3/9
  4389 | D:4      | Reached skill level 3 in Fighting
  4668 | D:4      | Reached skill level 4 in Fighting
  4919 | D:4      | Reached XP level 7. HP: 51/54 MP: 10/10
  5092 | D:4      | Reached skill level 5 in Fighting
  5659 | D:5      | Entered Level 5 of the Dungeon
  5691 | D:5      | Found a shadowy altar of Dithmenos.
  5764 | D:5      | Reached skill level 1 in Maces & Flails
  5784 | D:5      | Reached skill level 2 in Maces & Flails
  5784 | D:5      | Reached skill level 3 in Dodging
  6231 | D:5      | Reached XP level 8. HP: 57/62 MP: 7/11
  6241 | D:5      | Learned a level 4 spell: Sticky Flame
  6633 | D:5      | Reached skill level 3 in Maces & Flails
  6633 | D:5      | Reached skill level 4 in Dodging
  7126 | D:5      | Reached skill level 4 in Maces & Flails
  7183 | D:5      | Reached skill level 5 in Dodging
  7562 | D:5      | Reached skill level 5 in Maces & Flails
  7972 | D:6      | Reached XP level 9. HP: 65/68 MP: 12/12
  8024 | D:6      | Reached skill level 6 in Maces & Flails
  8543 | D:6      | Reached skill level 7 in Maces & Flails
  8695 | D:6      | Found a sand-covered staircase.
  8704 | Ossuary  | Entered an ossuary
  9175 | Ossuary  | Reached skill level 8 in Maces & Flails
  9467 | D:6      | Found Pousiate's Magic Scroll Shoppe.
  9475 | D:6      | Bought a scroll of teleportation for 39 gold pieces
  9475 | D:6      | Bought a scroll of identify for 26 gold pieces
  9475 | D:6      | Bought a scroll of magic mapping for 45 gold pieces
  9475 | D:6      | Bought a scroll of fear for 45 gold pieces
  9475 | D:6      | Bought a scroll of noise for 13 gold pieces
  9613 | D:6      | Found a staircase to the Ecumenical Temple.
  9942 | Temple   | Entered the Ecumenical Temple
 10038 | Temple   | Became a worshipper of Cheibriados the Contemplative
 10382 | D:6      | Slain by an orc

Vault maps used:
D:1:      minmay_arrival_stone_box, grunt_decor_clamped
D:2:      kennysheep_generic_room_7
D:3:      amethyst_overflow_temple_binary, uniq_terence
D:4:      kennysheep_spiral_hall, minmay_tree_intersection, serial_park_tiny_2
D:5:      first_bread, kennysheep_crisscross, nicolae_dithmenos_shadow_blocks
D:6:      minmay_temple_entry_enclosed_plants, serial_shops, shop,
          nicolae_ossuary_entry_ruins, roderic_cross_of_infinity
Temple:   grunt_circular_temple_18
Ossuary:  ossuary_tomb_1

Vanquished Creatures
  An orc warrior
  2 sky beasts
  A phantom
  3 ogres
  2 centaurs
  2 elf zombies
  2 giant frogs
  A scorpion
  A jelly
  A crimson imp
  2 centaur zombies
  A human zombie
  6 orc wizards
  A giant frog skeleton
  5 hounds
  4 orc priests
  5 iguanas Terence
  5 worker ants
  A killer bee zombie
  2 mummies
  10 adders
  2 shadow imps
  2 oozes
  An adder skeleton
  A worm
  A dart slug
  4 giant geckos
  24 orcs
  2 ball pythons
  5 giant cockroaches
  10 hobgoblins
  10 jackals
  2 quokkas
  5 bats
  A giant gecko skeleton
  7 giant newts
  8 goblins
  2 goblin zombies
  8 hobgoblin zombies
  A jackal skeleton
  A jackal zombie
  8 kobolds
  7 kobold zombies
  12 orc zombies
  A quokka skeleton
  5 rats
  2 rat zombies
  6 plants
197 creatures vanquished.
